 Dungeon Crawl Stone Soup version 0.29.1-15-g9cfb28693d (webtiles) character file.

Game seed: 8185783257203663780

32 Ast3rio the Shooter (level 3, -2/30 HPs)
             Began as a Minotaur Hunter on Mar 13, 2023.
             Slain by a goblin
             ... wielding a +0 club
             ... led by Robin
              (3 damage)
             ... on level 2 of the Dungeon.
             The game lasted 00:03:15 (809 turns).

Ast3rio the Shooter (Minotaur Hunter)                Turns: 809, Time: 00:03:17

Health: -2/30      AC:  3    Str: 17    XL:     3   Next: 8%
Magic:  2/2        EV: 12    Int:  6    God:
Gold:   78         SH:  0    Dex: 13    Spells: 2/2 levels left

rFire   . . .      SeeInvis .   a - +0 shortbow
rCold   . . .      Faith    .   (shield currently unavailable)
rNeg    . . .      Spirit   .   c - +0 leather armour
rPois   .          Reflect  .   (helmet restricted)
rElec   .          Harm     .   (no cloak)
rCorr   .          Rampage  .   (no gloves)
Will    .....                   (no boots)
Stlth   +.........              (no amulet)
HPRegen 0.10/turn               (no ring)
MPRegen 0.08/turn               (no ring)

@: no status effects
A: horns 2, retaliatory headbutt
a: no special abilities


You were on level 2 of the Dungeon.
You visited 1 branch of the dungeon, and saw 2 of its levels.

You collected 78 gold pieces.

Inventory:

Hand Weapons
 a - a +0 shortbow (weapon)
Missiles
 g - 4 throwing nets
Armour
 c - a +0 leather armour (worn)
Scrolls
 b - a scroll of immolation
 d - 2 scrolls of identify {unknown}
 e - a scroll of enchant weapon {unknown}
 f - a scroll of enchant armour {unknown}
 h - a scroll of silence {unknown}
Potions
 i - a potion of lignification {unknown}


   Skills:
 * Level 2.9 Fighting
 * Level 4.6 Ranged Weapons
 * Level 1.2 Armour
 * Level 2.6 Dodging
 * Level 1.3 Stealth


You had 2 spell levels left.
You didn't know any spells.
Your spell library was empty.

Dungeon Overview and Level Annotations

Branches:
Dungeon (2/15)

Altars:

Annotations:
D:2 Robin


Innate Abilities, Weirdness & Mutations

You have a pair of horns on your head.
You reflexively headbutt those who attack you in melee.


Message History

You are too injured to fight recklessly!
You are too injured to fight recklessly!
You are too injured to fight recklessly!
You are too injured to fight recklessly!
Fire: a) +0 shortbow
Press: ? - help, Q - select action, (/) - cycle Shift-Dir - straight line, f/p - goblin
Aim: a goblin, wielding a +0 club (moderately wounded, strong, 53% to hit)
You shoot an arrow. The arrow barely misses the goblin.
The arrow closely misses the goblin.
The arrow hits the goblin.
You kill the goblin!
The goblin hits you with a +0 club. x2
* * * LOW HITPOINT WARNING * * *
The goblin hits you with a +0 club.
* * * LOW HITPOINT WARNING * * *
You have reached level 3!
Your experience leads to an increase in your attributes!
Increase (S)trength, (I)ntelligence, or (D)exterity?
You feel stronger. x2
Fire: a) +0 shortbow
Press: ? - help, Q - select action, (/) - cycle Shift-Dir - straight line, f/p - goblin
Aim: a goblin, wielding a +0 club (moderately wounded, strong, 53% to hit)
You shoot an arrow. The arrow hits the goblin.
You kill the goblin!
The goblin hits you with a +0 club.
* * * LOW HITPOINT WARNING * * *
The goblin misses you.
Fire: a) +0 shortbow
Press: ? - help, Q - select action, (/) - cycle Shift-Dir - straight line, f - goblin
Aim: a goblin, wielding a +0 club (strong, 53% to hit)
You shoot an arrow. The arrow hits the goblin!
You kill the goblin!
The goblin hits you but does no damage. The goblin barely misses you.
Fire: a) +0 shortbow
Press: ? - help, Q - select action, (/) - cycle Shift-Dir - straight line, f - hobgoblin
Aim: a hobgoblin (strong, 60% to hit)
You shoot an arrow. The arrow hits the hobgoblin.
You kill the hobgoblin!
The goblin hits you with a +0 club.
You die...

######.##
#@gg.....
#)gg....#
#g.g.....
#g.....(.
#........
#........
+........
#........


You could see Robin, a hobgoblin (strong) and 5 goblins.

Vanquished Creatures
  A dart slug (D:1)
  2 giant cockroaches (D:1)
  6 goblins
  6 hobgoblins
  2 jackals (D:1)
  2 quokkas (D:1)
  2 bats (D:1)
  A frilled lizard (D:1)
  4 kobolds (D:1)
  A rat (D:1)
27 creatures vanquished.

Notes
Turn   | Place    | Note
-------+----------+-------------------------------------------
     0 | D:1      | Ast3rio the Minotaur Hunter began the quest for the Orb.
     0 | D:1      | Reached XP level 1. HP: 18/18 MP: 0/0
   301 | D:1      | Reached skill level 1 in Stealth
   336 | D:1      | Reached XP level 2. HP: 25/25 MP: 1/1
   439 | D:1      | Reached skill level 1 in Armour
   802 | D:2      | Noticed Robin
   807 | D:2      | Reached XP level 3. HP: 3/30 MP: 2/2
   807 | D:2      | HP: 1/30 [goblin/+0 club[Robin] (3)]
   809 | D:2      | Slain by a goblin

Illustrated notes

Levels and vault maps discovered:
D:1:      dpeg_arrival_another_circle, layout_loops_ring, columned_hall_lemuel
D:2:      layout_basic, kennysheep_path_1, uniq_robin

Skill      XL: |  1  2 |
---------------+-------+-----
Stealth        | 1 |  1.3
Armour         | 1 |  1.2
Fighting       | |  2.9
Ranged Weapons | |  4.6
Dodging        | |  2.6

Action                   || total
-------------------------++-------
 Fire: Shortbow          ||    63
Armor: Leather armour    ||    12
Dodge: Dodged            ||    17
